 Dungeon Crawl Stone Soup version 0.19.0-16-g73b5abf (webtiles) character file.

67 Patate the Sneak (level 3, 0/18 HPs)
             Began as a Spriggan Assassin on Nov 10, 2016.
             Succumbed to a worker ant's poison
             ... on level 3 of the Dungeon.
             The game lasted 00:04:35 (1544 turns).

Patate the Sneak (Spriggan Assassin)                Turns: 1544, Time: 00:04:35

Health: 0/18       AC:  3    Str:  7    XL:     3   Next: 98%
Magic:  4/4        EV: 17    Int: 12    God:
Gold:   87         SH:  0    Dex: 18    Spells: 0 memorised, 2 levels left

rFire  . . .     SeeInvis +     b - +0 blowgun
rCold  . . .     Gourm    .     c - +0 robe
rNeg   . . .     Faith    .     (shield restricted)
rPois  .         Spirit   .     (helmet restricted)
rElec  .         Reflect  .     d - +0 cloak
rCorr  .         Harm     .     (gloves unavailable)
MR     .....                    (boots unavailable)
Stlth  ++++......               (no amulet)
                                (no ring)
                                (no ring)

@: lethally poisoned (0 -> -7), very quick
A: unfitting armour, see invisible, herbivore 3, speed 3, slow metabolism 2
a: no special abilities


You were on level 3 of the Dungeon.
You were not hungry.

You visited 1 branch of the dungeon, and saw 3 of its levels.

You collected 87 gold pieces.

Inventory:

Hand Weapons
 a - a +2 dagger
 b - a +0 blowgun (weapon)
 i - a +1 short sword of protection
Missiles
 e - 6 poisoned needles (quivered)
 f - 2 curare-tipped needles
Armour
 c - a +0 robe (worn)
 d - a +0 cloak (worn)
Scrolls
 j - 3 scrolls of remove curse
 k - a scroll of teleportation {unknown}
 m - a scroll of identify {unknown}
 n - a scroll of enchant armour {unknown}
 p - a scroll of amnesia {unknown}
 q - a scroll of noise {unknown}
Potions
 l - 2 potions of ambrosia {unknown}
 o - a potion of might {unknown}
Comestibles
 g - 4 bread rations
 h - a royal jelly


   Skills:
 - Level 1.5 Fighting
 + Level 3.5 Short Blades
 - Level 2.0 Throwing
 - Level 1.5 Dodging
 * Level 7.4 Stealth


You had 2 spell levels left.
You didn't know any spells.

Dungeon Overview and Level Annotations

Branches:
Dungeon (3/15)

Altars:
Nemelex Xobeh


Innate Abilities, Weirdness & Mutations

You are very small and have problems with some larger weapons.
You are too small for most types of armour.
You have supernaturally acute eyesight. (SInv)
You are a herbivore.
You cover ground extremely quickly.
You need consume almost no food.


Message History

The worker ant poisons you!
You feel sick.
The worker ant looks more healthy.
Firing (i - inventory. (,) - cycle):
e - 7 poisoned needles (quivered)
Press: ? - help, Shift-Dir - straight line, f/p - worker ant
Aim: a worker ant (almost dead)
You shoot a poisoned needle.
The poisoned needle barely misses the worker ant.
The worker ant bites you.
You feel sick. The hobgoblin hits you.
* * * LOW HITPOINT WARNING * * *
* * * LOW HITPOINT WARNING * * *
You feel sick.
A giant cockroach comes into view.
The orc wizard casts a spell at you. You resist with some effort.
You are too injured to fight recklessly!
* * * LOW HITPOINT WARNING * * *
You feel sick.
You die...

.#.## #.....# #....# ..
.#.# #.....# #..... .._
...# #.o..a# ##### ##..
.### #...g.# ##. .#
#....o# ## .#
#.....##### .
#.........# #
#.........#
####..))@.##############
####................#
#................#
#.............(..##
#............)...'.
#........?.......##
#.........######.#
########### #.# #...


You could see an orc wizard (invisible), an orc and a hobgoblin.

Vanquished Creatures
  2 adders (D:2)
  A dart slug (D:1)
  A leopard gecko (D:2)
  An orc (D:3)
  A giant cockroach (D:2)
  4 goblins
  9 hobgoblins
  5 kobolds
  A ball python (D:2)
  13 bats
  3 frilled lizards
  3 rats
44 creatures vanquished.

Notes
Turn   | Place    | Note
-------+----------+-------------------------------------------
     0 | D:1      | Patate the Spriggan Assassin began the quest for the Orb.
     0 | D:1      | Reached XP level 1. HP: 10/10 MP: 2/2
    44 | D:1      | Reached skill level 6 in Stealth
   209 | D:1      | Reached XP level 2. HP: 4/14 MP: 3/3
   897 | D:2      | Found a sparkling altar of Nemelex Xobeh.
   921 | D:2      | Found a faded altar of an unknown god.
   925 | D:2      | Reached XP level 3. HP: 18/18 MP: 4/4
   951 | D:2      | Reached skill level 7 in Stealth
  1390 | D:3      | Found a sparkling altar of Nemelex Xobeh.
  1544 | D:3      | Succumbed to a worker ant's poison

Skill      XL: |  1  2  3 |
---------------+----------+-----
Stealth        | 6 7 |  7.4
Short Blades   | 3 |  3.5
Fighting       | |  1.5
Throwing       | |  2.0
Dodging        | |  1.5

Action                   || total
-------------------------++-------
Melee: Dagger            ||    23
       Short sword       ||    95
 Fire: Blowgun           ||     2
  Use: Potion            ||     1
       Scroll            ||     2
 Stab: Sleeping          ||    19
Armor: Robe              ||    19
Dodge: Dodged            ||   123
